Jets vs Oilers

Created - May-03-13 at 19:28

Goals
1 2 3 T
Jets 0 0 2 2
Oilers 1 0 2 3
Shots
1 2 3 T
Jets 0 12 7 19
Oilers 9 9 13 31

1st period

1. Oilers , David Backes 5 (Jan Hejda, Jason Pominville) at 0:10

Penalties :
James Wisniewski (WPG) for Holding (Minor) at 0:42, Matt Cooke (WPG) for Close Hand On Puck (Minor) at 9:14, Mark Giordano (WPG) for Hooking (Minor) at 13:10, Jordan Staal (WPG) for Tripping (Minor) at 16:05, Jamie Benn (WPG) for Delaying the game (Minor) at 18:19

2nd period

No Goal

Penalties :
Sean ODonnell (EDM) for Hooking (Minor) at 5:09, Derek Roy (EDM) for Holding (Minor) at 8:32, Jason Garrison (WPG) for Holding (Minor) at 13:21

3rd period

2. Jets , Martin Erat 4 (Jordan Staal, James Wisniewski) at 1:32 (PP)
3. Oilers , Ruslan Fedotenko 3 (Matt Hunwick, Scott Hannan) at 2:10
4. Oilers , David Backes 6 (Jason Pominville, Dany Heatley) at 5:25
5. Jets , Pascal Dupuis 1 (Mark Fistric, Matt Cooke) at 9:43

Penalties :
Scott Hannan (EDM) for Hooking (Minor) at 0:54, Chris Phillips (EDM) for Tripping (Minor) at 7:20, Mark Giordano (WPG) for Interference (Minor) at 16:39, James Wisniewski (WPG) for Delaying the game (Minor) at 18:58

Goalie Stats

Tim Thomas (WPG), 28 saves from 31 shots - (0.903), L, 6-2-0, 59:42 minutes
Kari Lehtonen (EDM), 17 saves from 19 shots - (0.895), W, 6-3-0, 60:00 minutes

Players Stats for Jets

Player Name              G  A  P  +/- PIM S  H  SB GA TA FO     MP     PP MP  PK MP  
------------------------------------------------------------------------------------
Carlo Colaiacovo         0  0  0  -1  0   1  3  3  0  0  0/0    13:02   2:24   0:56 
Dave Bolland             0  0  0   1  0   2  1  1  0  0  7/14   15:27   0:00   6:29 
Erik Cole                0  0  0   0  0   4  0  0  0  0  0/1    16:24   3:02   0:00 
Henrik Sedin             0  0  0  -3  0   1  0  0  0  0  7/17   17:46   3:33   0:05 
James Wisniewski         0  1  1   0  4   0  1  0  0  0  0/0    17:21   4:11   0:00 
Jamie Benn               0  0  0  -3  2   0  3  0  0  0  0/1    17:40   3:33   0:00 
Jason Garrison           0  0  0   0  2   0  3  1  0  0  0/0    21:46   2:24   6:11 
Johnny Oduya             0  0  0  -2  0   0  0  1  0  0  0/0    20:03   0:00   7:24 
Jordan Staal             0  1  1   0  2   1  2  0  0  0  10/29  23:02   3:02   6:39 
Lee Stempniak            0  0  0   0  0   0  0  0  0  0  0/0     2:03   0:00   0:00 
Mark Fistric             0  1  1   1  0   0  0  0  0  0  0/0     6:56   0:00   3:43 
Mark Giordano            0  0  0  -2  4   1  1  1  0  0  0/0    21:50   4:11   5:05 
Martin Erat              1  0  1   0  0   2  0  0  0  0  1/2    17:03   3:02   0:39 
Matt Cooke               0  1  1   1  2   0  3  1  0  0  0/1    16:29   0:00   7:32 
Matt Cullen              0  0  0   0  0   0  0  0  0  0  4/8     5:07   0:00   3:01 
Matt Moulson             0  0  0  -3  0   1  0  0  0  0  0/1    17:41   3:33   0:00 
Pascal Dupuis            1  0  1   1  0   5  2  0  0  0  0/1    16:21   0:00   5:23 
Ron Hainsey              0  0  0   0  0   1  1  1  0  0  0/0    18:57   0:00   6:29 

Players Stats for Oilers

Player Name              G  A  P  +/- PIM S  H  SB GA TA FO     MP     PP MP  PK MP  
------------------------------------------------------------------------------------
Brian Boyle              0  0  0   1  0   0  0  0  0  0  9/12   15:25   0:00   2:39 
Chris Phillips           0  0  0   2  2   1  0  0  0  0  0/0    16:08   0:00   2:40 
Dany Heatley             0  1  1   2  0   3  0  0  0  0  1/1    19:03   7:58   0:00 
David Backes             2  0  2   2  0   8  4  0  0  0  16/28  21:06   6:05   3:56 
Derek Roy                0  0  0  -1  2   0  0  0  0  0  14/26  20:19   8:15   0:00 
Erik Gustafsson          0  0  0  -1  0   0  0  1  0  0  0/0    10:46   0:17   0:00 
Jakub Voracek            0  0  0  -1  0   4  1  0  0  0  0/1    19:08   7:03   0:00 
Jan Hejda                0  1  1   2  0   2  0  0  0  0  0/0    24:11   7:03   3:49 
Jason Pominville         0  2  2   2  0   4  1  1  0  0  3/4    24:38   7:58   3:56 
Jochen Hecht             0  0  0  -1  0   0  2  0  0  0  0/0    15:14   0:34   0:00 
Mathieu Darche           0  0  0   0  0   0  0  0  0  0  0/0     4:38   0:24   2:39 
Matt Hunwick             0  1  1   1  0   0  1  1  0  0  0/0    17:29   0:00   2:46 
Mikael Samuelsson        0  0  0   1  0   3  2  0  0  0  1/1    18:46   6:39   0:00 
Nate Guenin              0  0  0   0  0   2  0  0  0  0  0/0     7:34   7:34   0:00 
Ruslan Fedotenko         1  0  1   1  0   2  0  0  0  0  2/2    18:39   6:32   0:00 
Scott Hannan             0  1  1   1  2   2  2  3  0  0  0/0    24:42   7:00   3:10 
Sean ODonnell            0  0  0  -1  2   0  1  0  0  0  0/0    12:04   0:51   0:45 
Tomas Holmstrom          0  0  0   0  0   0  0  0  0  0  0/0     3:31   0:17   0:00 

3 Stars

1 - David Backes (EDM)
2 - Jason Pominville (EDM)
3 - Pascal Dupuis (WPG)

Power Play

Jets - 1 on 4 Attempt(s) - 25.00%
Oilers - 0 on 8 Attempt(s) - 0.00%

Penalty Kill

Jets - 8 on 8 Attempt(s) - 100.00% - Score 0 goal in Penalty Kill
Oilers - 3 on 4 Attempt(s) - 75.00% - Score 0 goal in Penalty Kill

Official

Referees : Kevin Pollock and Marc Joannette
Linesman : Scott Cherrey and Steve Miller

Game Notes

No Game Note

Finance

Level 1 -- Attendance: 6500 (100.00%) -- Ticket Income $715,000
Level 2 -- Attendance: 5000 (100.00%) -- Ticket Income $430,000
Level 3 -- Attendance: 2729 (77.97%) -- Ticket Income $231,965
Level 4 -- Attendance: 839 (100.00%) -- Ticket Income $70,476
Luxury Box -- Attendance: 799 (79.90%) -- Ticket Income $239,700
Game was played at the Rexall Place
Total Attendance: 15867 (94.23%)
Total Ticket Income: $1,687,141
Other Income: $253,071
Total Income: $1,940,212


% Time on Ice - Jets

Lines # - Real PCT - Wanted PCT - Time Play
Normal Forward
1 - 37% - 35% - 14:08
2 - 35% - 34% - 13:22
3 - 23% - 21% - 8:58
4 - 5% - 10% - 2:03
Normal Defense
1 - 33% - 35% - 12:36
2 - 34% - 35% - 13:12
3 - 25% - 23% - 9:42
4 - 8% - 7% - 3:01
PP Forward
1 - 54% - 60% - 3:33
2 - 46% - 40% - 3:02
PP Defense
1 - 64% - 63% - 4:11
2 - 36% - 37% - 2:24
PK Forward
1 - 64% - 60% - 9:31
2 - 36% - 40% - 5:23
PK Defense
1 - 50% - 60% - 7:27
2 - 50% - 40% - 7:27
PK3 Forward
1 - 0% - 60%
2 - 0% - 40%
PK3 Defense
1 - 0% - 60%
2 - 0% - 40%
44 Forward
1 - 0% - 60%
2 - 0% - 40%
44 Defense
1 - 0% - 60%
2 - 0% - 40%
Last Minute Offensive  - 0:00
Last Minute Defensive  - 0:00
Total
Forward - 60:00
Defense - 60:00

% Time on Ice - Oilers

Lines # - Real PCT - Wanted PCT - Time Play
Normal Forward
1 - 29% - 31% - 11:05
2 - 31% - 31% - 12:05
3 - 33% - 29% - 12:46
4 - 7% - 9% - 2:35
Normal Defense
1 - 35% - 35% - 13:19
2 - 38% - 35% - 14:43
3 - 27% - 19% - 10:29
4 - 0% - 11% - 0:00
PP Forward
1 - 55% - 60% - 8:15
2 - 45% - 40% - 6:39
PP Defense
1 - 49% - 50% - 7:20
2 - 51% - 50% - 7:34
PK Forward
1 - 60% - 50% - 3:56
2 - 40% - 50% - 2:39
PK Defense
1 - 58% - 50% - 3:49
2 - 42% - 50% - 2:46
PK3 Forward
1 - 0% - 50%
2 - 0% - 50%
PK3 Defense
1 - 0% - 50%
2 - 0% - 50%
44 Forward
1 - 0% - 50%
2 - 0% - 50%
44 Defense
1 - 0% - 50%
2 - 0% - 50%
Last Minute Offensive  - 0:00
Last Minute Defensive  - 0:00
Total
Forward - 60:00
Defense - 60:00

Play by Play

1st period


0:01 of 1st period - David Backes wins face-off versus Henrik Sedin in neutral zone.
0:03 of 1st period - Chris Phillips is hit by Mark Giordano and loses puck.
0:10 of 1st period - Shot by David Backes.
0:10 of 1st period - Goal by David Backes - Jets : 0 - Oilers : 1.
0:11 of 1st period - Jordan Staal wins face-off versus Derek Roy in neutral zone.
0:42 of 1st period - Minor Penalty to James Wisniewski for Holding.
0:43 of 1st period - Jordan Staal wins face-off versus David Backes in Jets zone.
1:04 of 1st period - Shot by Jan Hejda.
1:04 of 1st period - Shot Misses the Net.
1:10 of 1st period - Shot by Ruslan Fedotenko.
1:10 of 1st period - Stopped by Tim Thomas with a rebound.
2:17 of 1st period - Icing by Jason Pominville.
2:18 of 1st period - Derek Roy wins face-off versus Jordan Staal in Oilers zone.
2:36 of 1st period - Off-side.
2:37 of 1st period - Mikael Samuelsson wins face-off versus Jordan Staal in neutral zone.
2:55 of 1st period - Ruslan Fedotenko is hit by Carlo Colaiacovo and loses puck.
3:03 of 1st period - Mikael Samuelsson is hit by Carlo Colaiacovo and loses puck.
3:19 of 1st period - Brian Boyle is hit by Ron Hainsey and loses puck.
3:32 of 1st period - Jochen Hecht is hit by Jamie Benn and loses puck.
3:57 of 1st period - Shot by Jason Pominville.
3:57 of 1st period - Stopped by Tim Thomas without a rebound.
3:58 of 1st period - Dave Bolland wins face-off versus Derek Roy in Jets zone.
3:58 of 1st period - Pascal Dupuis is hit by Jochen Hecht.
4:28 of 1st period - Shot by Derek Roy.
4:28 of 1st period - Shot Misses the Net.
4:30 of 1st period - Shot by Jakub Voracek.
4:30 of 1st period - Shot Blocked by Johnny Oduya.
5:38 of 1st period - Erik Gustafsson is hit by Jordan Staal and loses puck.
6:52 of 1st period - Pascal Dupuis is hit by Jochen Hecht and loses puck.
6:59 of 1st period - Jochen Hecht is hit by Pascal Dupuis and loses puck.
7:37 of 1st period - Henrik Sedin is hit by Scott Hannan and loses puck.
8:17 of 1st period - Jan Hejda is hit by James Wisniewski and loses puck.
8:48 of 1st period - Jason Garrison is hit by David Backes and loses puck.
9:02 of 1st period - Icing by Chris Phillips.
9:03 of 1st period - Jason Pominville wins face-off versus Dave Bolland in Oilers zone.
9:03 of 1st period - Jason Pominville is hit by Matt Cooke.
9:14 of 1st period - Minor Penalty to Matt Cooke for Close Hand On Puck.
9:15 of 1st period - Jordan Staal wins face-off versus Derek Roy in Jets zone.
12:54 of 1st period - Shot by Brian Boyle.
12:54 of 1st period - Shot Misses the Net.
13:10 of 1st period - Minor Penalty to Mark Giordano for Hooking.
13:11 of 1st period - Dave Bolland wins face-off versus Derek Roy in Jets zone.
13:38 of 1st period - Shot by Derek Roy.
13:38 of 1st period - Shot Misses the Net.
13:40 of 1st period - Shot by Nate Guenin.
13:40 of 1st period - Stopped by Tim Thomas without a rebound.
13:41 of 1st period - Jordan Staal wins face-off versus David Backes in Jets zone.
13:54 of 1st period - Shot by David Backes.
13:54 of 1st period - Shot Misses the Net.
13:56 of 1st period - Shot by Mikael Samuelsson.
13:56 of 1st period - Stopped by Tim Thomas with a rebound.
13:58 of 1st period - Shot by Jan Hejda.
13:58 of 1st period - Shot Misses the Net.
14:22 of 1st period - Dave Bolland is hit by David Backes and loses puck.
16:05 of 1st period - Minor Penalty to Jordan Staal for Tripping.
16:06 of 1st period - Matt Cullen wins face-off versus David Backes in Jets zone.
16:28 of 1st period - Icing by David Backes.
16:29 of 1st period - Matt Cullen wins face-off versus David Backes in Oilers zone.
16:40 of 1st period - Shot by Matt Cullen.
16:40 of 1st period - Deflect By Matt Cooke.
16:40 of 1st period - Shot Misses the Net.
17:17 of 1st period - Off-side.
17:18 of 1st period - Derek Roy wins face-off versus Matt Cullen in neutral zone.
17:40 of 1st period - Shot by Dany Heatley.
17:40 of 1st period - Stopped by Tim Thomas without a rebound.
17:41 of 1st period - Derek Roy wins face-off versus Dave Bolland in Jets zone.
17:46 of 1st period - Shot by Jason Pominville.
17:46 of 1st period - Stopped by Tim Thomas without a rebound.
17:47 of 1st period - David Backes wins face-off versus Matt Cullen in Jets zone.
17:47 of 1st period - David Backes is hit by Jason Garrison.
18:05 of 1st period - Shot by David Backes.
18:05 of 1st period - Stopped by Tim Thomas with a rebound.
18:18 of 1st period - Off-side.
18:19 of 1st period - David Backes wins face-off versus Henrik Sedin in neutral zone.
18:19 of 1st period - Minor Penalty to Jamie Benn for Delaying the game.
18:20 of 1st period - Derek Roy wins face-off versus Jordan Staal in Jets zone.
18:42 of 1st period - Shot by Nate Guenin.
18:42 of 1st period - Shot Misses the Net.
19:18 of 1st period - Shot by David Backes.
19:18 of 1st period - Shot Misses the Net.
19:34 of 1st period - Shot by Jakub Voracek.
19:34 of 1st period - Shot Misses the Net.
19:36 of 1st period - Shot by Jakub Voracek.
19:36 of 1st period - Shot Misses the Net.
19:38 of 1st period - Shot by Jan Hejda.
19:38 of 1st period - Stopped by Tim Thomas without a rebound.
19:39 of 1st period - Jordan Staal wins face-off versus Derek Roy in Jets zone.
19:54 of 1st period - Off-side.
19:55 of 1st period - David Backes wins face-off versus Jordan Staal in neutral zone.
19:58 of 1st period - Shot by Scott Hannan.
19:58 of 1st period - Shot Misses the Net.

2nd period


0:01 of 2nd period - Derek Roy wins face-off versus Jordan Staal in neutral zone.
0:04 of 2nd period - Ron Hainsey is hit by Jason Pominville and loses puck.
0:14 of 2nd period - Icing by Jason Pominville.
0:15 of 2nd period - Derek Roy wins face-off versus Jordan Staal in Oilers zone.
0:36 of 2nd period - Shot by Matt Hunwick.
0:36 of 2nd period - Shot Blocked by Mark Giordano.
1:00 of 2nd period - Shot by Henrik Sedin.
1:00 of 2nd period - Stopped by Kari Lehtonen with a rebound.
1:02 of 2nd period - Shot by Matt Moulson.
1:02 of 2nd period - Shot Blocked by Scott Hannan.
1:04 of 2nd period - Shot by Jamie Benn.
1:04 of 2nd period - Deflect By Matt Moulson.
1:04 of 2nd period - Shot Misses the Net.
1:20 of 2nd period - Shot by Jordan Staal.
1:20 of 2nd period - Deflect By Erik Cole.
1:20 of 2nd period - Stopped by Kari Lehtonen with a rebound.
1:35 of 2nd period - Shot by Erik Cole.
1:35 of 2nd period - Shot Blocked by Scott Hannan.
1:53 of 2nd period - Shot by David Backes.
1:53 of 2nd period - Stopped by Tim Thomas without a rebound.
1:54 of 2nd period - Dave Bolland wins face-off versus Derek Roy in Jets zone.
2:19 of 2nd period - Shot by Pascal Dupuis.
2:19 of 2nd period - Stopped by Kari Lehtonen without a rebound.
2:20 of 2nd period - David Backes wins face-off versus Henrik Sedin in Oilers zone.
2:20 of 2nd period - David Backes is hit by Jamie Benn.
3:47 of 2nd period - Icing by Jan Hejda.
3:48 of 2nd period - Derek Roy wins face-off versus Jordan Staal in Oilers zone.
4:22 of 2nd period - James Wisniewski is hit by Mikael Samuelsson and loses puck.
4:43 of 2nd period - Pascal Dupuis is hit by Mikael Samuelsson and loses puck.
4:54 of 2nd period - Matt Hunwick is hit by Matt Cooke and loses puck.
5:03 of 2nd period - Brian Boyle is hit by Dave Bolland and loses puck.
5:08 of 2nd period - Shot by Carlo Colaiacovo.
5:08 of 2nd period - Stopped by Kari Lehtonen without a rebound.
5:09 of 2nd period - Matt Cullen wins face-off versus David Backes in Oilers zone.
5:09 of 2nd period - Minor Penalty to Sean ODonnell for Hooking.
5:10 of 2nd period - David Backes wins face-off versus Jamie Benn in Oilers zone.
6:03 of 2nd period - Shot by Jason Garrison.
6:03 of 2nd period - Shot Misses the Net.
6:37 of 2nd period - Shot by Erik Cole.
6:37 of 2nd period - Shot Misses the Net.
6:39 of 2nd period - Shot by Carlo Colaiacovo.
6:39 of 2nd period - Deflect By Erik Cole.
6:39 of 2nd period - Stopped by Kari Lehtonen without a rebound.
6:40 of 2nd period - Henrik Sedin wins face-off versus Brian Boyle in Oilers zone.
7:16 of 2nd period - Shot by Pascal Dupuis.
7:16 of 2nd period - Deflect By Dave Bolland.
7:16 of 2nd period - Stopped by Kari Lehtonen with a rebound.
7:22 of 2nd period - Shot by Pascal Dupuis.
7:22 of 2nd period - Deflect By Dave Bolland.
7:22 of 2nd period - Shot Misses the Net.
7:24 of 2nd period - Shot by Pascal Dupuis.
7:24 of 2nd period - Shot Blocked by Erik Gustafsson.
7:26 of 2nd period - Shot by Pascal Dupuis.
7:26 of 2nd period - Shot Misses the Net.
7:28 of 2nd period - Shot by Ron Hainsey.
7:28 of 2nd period - Stopped by Kari Lehtonen without a rebound.
7:29 of 2nd period - Jordan Staal wins face-off versus Brian Boyle in Oilers zone.
7:40 of 2nd period - Shot by Ruslan Fedotenko.
7:40 of 2nd period - Shot Blocked by Carlo Colaiacovo.
7:42 of 2nd period - Shot by Mikael Samuelsson.
7:42 of 2nd period - Stopped by Tim Thomas with a rebound.
8:32 of 2nd period - Minor Penalty to Derek Roy for Holding.
8:33 of 2nd period - Henrik Sedin wins face-off versus David Backes in Oilers zone.
8:40 of 2nd period - Shot by Mark Giordano.
8:40 of 2nd period - Stopped by Kari Lehtonen without a rebound.
8:41 of 2nd period - David Backes wins face-off versus Henrik Sedin in Oilers zone.
9:09 of 2nd period - Icing by Henrik Sedin.
9:10 of 2nd period - Henrik Sedin wins face-off versus David Backes in Jets zone.
9:26 of 2nd period - Shot by Henrik Sedin.
9:26 of 2nd period - Deflect By Jamie Benn.
9:26 of 2nd period - Shot Blocked by Matt Hunwick.
9:28 of 2nd period - Shot by Matt Moulson.
9:28 of 2nd period - Shot Blocked by Scott Hannan.
10:39 of 2nd period - Shot by Dave Bolland.
10:39 of 2nd period - Stopped by Kari Lehtonen without a rebound.
10:40 of 2nd period - David Backes wins face-off versus Dave Bolland in Oilers zone.
10:54 of 2nd period - Icing by Ron Hainsey.
10:55 of 2nd period - Derek Roy wins face-off versus Matt Cooke in Jets zone.
10:58 of 2nd period - Shot by Scott Hannan.
10:58 of 2nd period - Shot Misses the Net.
11:11 of 2nd period - Off-side.
11:12 of 2nd period - Martin Erat wins face-off versus David Backes in neutral zone.
11:43 of 2nd period - Off-side.
11:44 of 2nd period - Derek Roy wins face-off versus Henrik Sedin in neutral zone.
11:55 of 2nd period - Shot by Jakub Voracek.
11:55 of 2nd period - Shot Misses the Net.
12:21 of 2nd period - Shot by Jakub Voracek.
12:21 of 2nd period - Stopped by Tim Thomas with a rebound.
12:40 of 2nd period - Scott Hannan is hit by Jason Garrison and loses puck.
12:48 of 2nd period - Icing by Jordan Staal.
12:49 of 2nd period - David Backes wins face-off versus Erik Cole in Jets zone.
12:50 of 2nd period - Shot by Jason Pominville.
12:50 of 2nd period - Stopped by Tim Thomas with a rebound.
13:10 of 2nd period - Shot by Jordan Staal.
13:10 of 2nd period - Deflect By Erik Cole.
13:10 of 2nd period - Shot Misses the Net.
13:12 of 2nd period - Shot by Erik Cole.
13:12 of 2nd period - Stopped by Kari Lehtonen with a rebound.
13:14 of 2nd period - Shot by Martin Erat.
13:14 of 2nd period - Stopped by Kari Lehtonen with a rebound.
13:21 of 2nd period - Minor Penalty to Jason Garrison for Holding.
13:22 of 2nd period - Ruslan Fedotenko wins face-off versus Jordan Staal in Jets zone.
13:23 of 2nd period - Shot by Scott Hannan.
13:23 of 2nd period - Deflect By Mikael Samuelsson.
13:23 of 2nd period - Shot Misses the Net.
13:25 of 2nd period - Shot by Scott Hannan.
13:25 of 2nd period - Shot Misses the Net.
13:27 of 2nd period - Shot by David Backes.
13:27 of 2nd period - Stopped by Tim Thomas without a rebound.
13:28 of 2nd period - David Backes wins face-off versus Jordan Staal in Jets zone.
13:37 of 2nd period - Shot by Nate Guenin.
13:37 of 2nd period - Stopped by Tim Thomas without a rebound.
13:38 of 2nd period - Derek Roy wins face-off versus Jordan Staal in Jets zone.
14:43 of 2nd period - Shot by David Backes.
14:43 of 2nd period - Stopped by Tim Thomas without a rebound.
14:44 of 2nd period - David Backes wins face-off versus Pascal Dupuis in Jets zone.
15:02 of 2nd period - Mark Giordano is hit by David Backes and loses puck.
15:16 of 2nd period - Icing by Scott Hannan.
15:17 of 2nd period - David Backes wins face-off versus Jordan Staal in Oilers zone.
15:37 of 2nd period - Jason Pominville is hit by Jason Garrison and loses puck.
15:54 of 2nd period - Shot by Jamie Benn.
15:54 of 2nd period - Shot Blocked by Jason Pominville.
16:46 of 2nd period - Icing by Jan Hejda.
16:47 of 2nd period - Brian Boyle wins face-off versus Jordan Staal in Oilers zone.
17:09 of 2nd period - Shot by Erik Cole.
17:09 of 2nd period - Shot Misses the Net.
17:11 of 2nd period - Shot by Carlo Colaiacovo.
17:11 of 2nd period - Shot Hit the Post.
18:31 of 2nd period - Icing by Mark Giordano.
18:32 of 2nd period - Dave Bolland wins face-off versus Jakub Voracek in Jets zone.
18:49 of 2nd period - Shot by Jakub Voracek.
18:49 of 2nd period - Stopped by Tim Thomas without a rebound.
18:50 of 2nd period - Derek Roy wins face-off versus Jordan Staal in Jets zone.
18:51 of 2nd period - Shot by Jakub Voracek.
18:51 of 2nd period - Stopped by Tim Thomas with a rebound.
19:14 of 2nd period - Shot by Jakub Voracek.
19:14 of 2nd period - Shot Misses the Net.
19:34 of 2nd period - Shot by Martin Erat.
19:34 of 2nd period - Deflect By Erik Cole.
19:34 of 2nd period - Shot Misses the Net.
19:36 of 2nd period - Shot by Jordan Staal.
19:36 of 2nd period - Stopped by Kari Lehtonen without a rebound.
19:37 of 2nd period - David Backes wins face-off versus Henrik Sedin in Oilers zone.
19:49 of 2nd period - Shot by David Backes.
19:49 of 2nd period - Shot Blocked by Carlo Colaiacovo.
19:51 of 2nd period - Shot by Jason Pominville.
19:51 of 2nd period - Shot Misses the Net.

3rd period


0:01 of 3rd period - David Backes wins face-off versus Jordan Staal in neutral zone.
0:29 of 3rd period - Shot by David Backes.
0:29 of 3rd period - Stopped by Tim Thomas without a rebound.
0:30 of 3rd period - Henrik Sedin wins face-off versus Derek Roy in Jets zone.
0:32 of 3rd period - Icing by James Wisniewski.
0:33 of 3rd period - Henrik Sedin wins face-off versus Derek Roy in Jets zone.
0:33 of 3rd period - Matt Moulson is hit by Jakub Voracek.
0:40 of 3rd period - Henrik Sedin is hit by Scott Hannan and loses puck.
0:54 of 3rd period - Minor Penalty to Scott Hannan for Hooking.
0:55 of 3rd period - Brian Boyle wins face-off versus Jordan Staal in Oilers zone.
1:32 of 3rd period - Shot by Martin Erat.
1:32 of 3rd period - Goal by Martin Erat - Jets : 1 - Oilers : 1.
1:33 of 3rd period - Brian Boyle wins face-off versus Henrik Sedin in neutral zone.
2:08 of 3rd period - Shot by Matt Hunwick.
2:08 of 3rd period - Shot Blocked by Carlo Colaiacovo.
2:10 of 3rd period - Shot by Ruslan Fedotenko.
2:10 of 3rd period - Goal by Ruslan Fedotenko - Jets : 1 - Oilers : 2.
2:11 of 3rd period - Dany Heatley wins face-off versus Martin Erat in neutral zone.
3:28 of 3rd period - Icing by Dave Bolland.
3:29 of 3rd period - Brian Boyle wins face-off versus Dave Bolland in Jets zone.
4:52 of 3rd period - Shot by Matt Moulson.
4:52 of 3rd period - Stopped by Kari Lehtonen with a rebound.
5:14 of 3rd period - Johnny Oduya is hit by David Backes and loses puck.
5:23 of 3rd period - Shot by Jason Pominville.
5:23 of 3rd period - Shot Misses the Net.
5:25 of 3rd period - Shot by David Backes.
5:25 of 3rd period - Goal by David Backes - Jets : 1 - Oilers : 3.
5:26 of 3rd period - Brian Boyle wins face-off versus Jordan Staal in neutral zone.
5:52 of 3rd period - Mikael Samuelsson is hit by Jordan Staal and loses puck.
6:30 of 3rd period - Icing by Jan Hejda.
6:31 of 3rd period - Dave Bolland wins face-off versus David Backes in Oilers zone.
6:40 of 3rd period - Shot by Jason Pominville.
6:40 of 3rd period - Shot Blocked by Dave Bolland.
6:42 of 3rd period - Shot by David Backes.
6:42 of 3rd period - Deflect By Dany Heatley.
6:42 of 3rd period - Stopped by Tim Thomas with a rebound.
6:44 of 3rd period - Shot by David Backes.
6:44 of 3rd period - Shot Misses the Net.
6:46 of 3rd period - Shot by David Backes.
6:46 of 3rd period - Stopped by Tim Thomas with a rebound.
6:48 of 3rd period - Shot by Chris Phillips.
6:48 of 3rd period - Stopped by Tim Thomas without a rebound.
6:49 of 3rd period - Henrik Sedin wins face-off versus Derek Roy in Jets zone.
6:59 of 3rd period - Off-side.
7:00 of 3rd period - Brian Boyle wins face-off versus Matt Cullen in neutral zone.
7:13 of 3rd period - Shot by Matt Cullen.
7:13 of 3rd period - Shot Misses the Net.
7:15 of 3rd period - Shot by Jason Garrison.
7:15 of 3rd period - Shot Misses the Net.
7:17 of 3rd period - Shot by Pascal Dupuis.
7:17 of 3rd period - Stopped by Kari Lehtonen without a rebound.
7:18 of 3rd period - Henrik Sedin wins face-off versus David Backes in Oilers zone.
7:20 of 3rd period - Minor Penalty to Chris Phillips for Tripping.
7:21 of 3rd period - Brian Boyle wins face-off versus Matt Moulson in Oilers zone.
7:34 of 3rd period - Shot by Mark Giordano.
7:34 of 3rd period - Shot Misses the Net.
7:36 of 3rd period - Shot by James Wisniewski.
7:36 of 3rd period - Shot Misses the Net.
9:19 of 3rd period - Shot by Mark Giordano.
9:19 of 3rd period - Shot Misses the Net.
9:23 of 3rd period - Shot by Matt Cooke.
9:23 of 3rd period - Shot Misses the Net.
9:33 of 3rd period - Shot by Matt Cooke.
9:33 of 3rd period - Shot Misses the Net.
9:43 of 3rd period - Shot by Pascal Dupuis.
9:43 of 3rd period - Goal by Pascal Dupuis - Jets : 2 - Oilers : 3.
9:44 of 3rd period - Matt Cullen wins face-off versus Brian Boyle in neutral zone.
9:53 of 3rd period - Shot by Pascal Dupuis.
9:53 of 3rd period - Stopped by Kari Lehtonen without a rebound.
9:54 of 3rd period - Derek Roy wins face-off versus Matt Cullen in Oilers zone.
10:09 of 3rd period - Shot by Pascal Dupuis.
10:09 of 3rd period - Stopped by Kari Lehtonen without a rebound.
10:10 of 3rd period - Jason Pominville wins face-off versus Henrik Sedin in Oilers zone.
10:31 of 3rd period - Shot by David Backes.
10:31 of 3rd period - Shot Misses the Net.
10:53 of 3rd period - Shot by Jason Pominville.
10:53 of 3rd period - Shot Blocked by Jason Garrison.
11:14 of 3rd period - Icing by Jason Garrison.
11:15 of 3rd period - Ruslan Fedotenko wins face-off versus Henrik Sedin in Jets zone.
11:49 of 3rd period - Shot by Mikael Samuelsson.
11:49 of 3rd period - Stopped by Tim Thomas without a rebound.
11:50 of 3rd period - Derek Roy wins face-off versus Dave Bolland in Jets zone.
12:25 of 3rd period - Icing by Dave Bolland.
12:26 of 3rd period - Dave Bolland wins face-off versus David Backes in Jets zone.
12:48 of 3rd period - Icing by Jason Pominville.
12:49 of 3rd period - Jason Pominville wins face-off versus Jordan Staal in Oilers zone.
13:00 of 3rd period - Shot by Dany Heatley.
13:00 of 3rd period - Shot Misses the Net.
13:03 of 3rd period - Icing by Johnny Oduya.
13:04 of 3rd period - Jordan Staal wins face-off versus Derek Roy in Jets zone.
13:13 of 3rd period - Shot by Jakub Voracek.
13:13 of 3rd period - Stopped by Tim Thomas without a rebound.
13:14 of 3rd period - Brian Boyle wins face-off versus Henrik Sedin in Jets zone.
13:45 of 3rd period - Scott Hannan is hit by Jamie Benn and loses puck.
14:17 of 3rd period - Icing by Mark Giordano.
14:18 of 3rd period - Jordan Staal wins face-off versus David Backes in Jets zone.
14:45 of 3rd period - Shot by Erik Cole.
14:45 of 3rd period - Stopped by Kari Lehtonen without a rebound.
14:46 of 3rd period - Derek Roy wins face-off versus Dave Bolland in Oilers zone.
14:46 of 3rd period - Sean ODonnell is hit by Matt Cooke and loses puck.
14:54 of 3rd period - Jochen Hecht is hit by Pascal Dupuis and loses puck.
15:40 of 3rd period - David Backes is hit by Carlo Colaiacovo and loses puck.
15:45 of 3rd period - Shot by Dany Heatley.
15:45 of 3rd period - Shot Blocked by Ron Hainsey.
15:47 of 3rd period - Shot by Jan Hejda.
15:47 of 3rd period - Stopped by Tim Thomas without a rebound.
15:48 of 3rd period - Brian Boyle wins face-off versus Jordan Staal in Jets zone.
15:51 of 3rd period - Shot by Mikael Samuelsson.
15:51 of 3rd period - Shot Misses the Net.
16:02 of 3rd period - Martin Erat is hit by Matt Hunwick and loses puck.
16:39 of 3rd period - Minor Penalty to Mark Giordano for Interference.
16:40 of 3rd period - Jordan Staal wins face-off versus Jason Pominville in Jets zone.
17:14 of 3rd period - Shot by Jason Pominville.
17:14 of 3rd period - Stopped by Tim Thomas without a rebound.
17:15 of 3rd period - David Backes wins face-off versus Jordan Staal in Jets zone.
17:36 of 3rd period - Shot by Scott Hannan.
17:36 of 3rd period - Stopped by Tim Thomas without a rebound.
17:37 of 3rd period - Dave Bolland wins face-off versus Derek Roy in Jets zone.
18:08 of 3rd period - Shot by Dany Heatley.
18:08 of 3rd period - Stopped by Tim Thomas with a rebound.
18:10 of 3rd period - Shot by Jakub Voracek.
18:10 of 3rd period - Shot Blocked by Matt Cooke.
18:12 of 3rd period - Shot by Dany Heatley.
18:12 of 3rd period - Shot Misses the Net.
18:14 of 3rd period - Shot by Jakub Voracek.
18:14 of 3rd period - Shot Misses the Net.
18:41 of 3rd period - Jets, Tim Thomas is pulled from the net.
18:41 of 3rd period - Shot by Matt Moulson.
18:41 of 3rd period - Shot Misses the Net.
18:48 of 3rd period - Henrik Sedin is hit by Sean ODonnell and loses puck.
18:58 of 3rd period - Minor Penalty to James Wisniewski for Delaying the game.
18:59 of 3rd period - Tim Thomas from Jets was sent back in the game.
18:59 of 3rd period - David Backes wins face-off versus Dave Bolland in Jets zone.
19:16 of 3rd period - Shot by Mikael Samuelsson.
19:16 of 3rd period - Shot Misses the Net.
19:18 of 3rd period - Shot by Scott Hannan.
19:18 of 3rd period - Stopped by Tim Thomas without a rebound.
19:19 of 3rd period - Jordan Staal wins face-off versus Derek Roy in Jets zone.
19:40 of 3rd period - Shot by Jason Pominville.
19:40 of 3rd period - Shot Misses the Net.


Output by the SimonT Hockey Simulator (STHS) for Stephane Roy -- Original Page W3C XHTML 1.0 Valid
Hockey Simulator - Hockey Simulation - Hockey Manager